 Dungeon Crawl Stone Soup version 0.24.0-124-g2791043dd8 (webtiles) character file.

Game seed: 8105628562642312753, levelgen mode: deterministic

93 Johnny the Magician (level 4, -1/26 HPs)
             Began as a Deep Elf Earth Elementalist on Feb 15, 2020.
             Was an Initiate of Dithmenos.
             Slain by an adder (2 damage)
             ... on level 6 of the Dungeon.
             The game lasted 00:04:12 (3727 turns).

Johnny the Magician (Deep Elf Earth Elementalist)   Turns: 3727, Time: 00:04:13

Health: -1/26      AC:  4    Str:  5    XL:     4   Next: 36%
Magic:  8/12       EV: 13    Int: 21    God:    Dithmenos [......]
Gold:   118        SH:  0    Dex: 15    Spells: 5/11 levels left

rFire    . . .     SeeInvis .   n - +0 trident
rCold    . . .     Gourm    .   (no shield)
rNeg     + . .     Faith    .   c - +0 robe
rPois    .         Spirit   .   h - +0 helmet
rElec    .         Reflect  .   (no cloak)
rCorr    .         Harm     .   k - +0 pair of gloves
MR       .....                  (no boots)
Stlth    +.........             (no amulet)
HPRegen  0.08/turn              f - ring of attention (curse)
MPRegen  0.13/turn              i - ring of positive energy

@: no status effects
A: no striking features
a: Renounce Religion


You were on level 6 of the Dungeon.
You worshipped Dithmenos.
Dithmenos was noncommittal.
You were not hungry.

You visited 2 branches of the dungeon, and saw 5 of its levels.

You collected 118 gold pieces.

Inventory:

Hand Weapons
 n - a +0 trident (weapon)
Armour
 c - a +0 robe (worn)
 h - a +0 helmet (worn)
 k - a +0 pair of gloves (worn)
Jewellery
 f - a cursed ring of attention (left hand)
 i - a ring of positive energy (right hand)
Scrolls
 a - 3 scrolls of identify
 g - 3 scrolls of enchant armour
 j - a scroll of remove curse
 l - a scroll of immolation
 p - a scroll of blinking
Potions
 e - a potion of ambrosia
Comestibles
 d - 6 rations


   Skills:
 * Level 2.2 Fighting
 - Level 2.4 Dodging
 - Level 2.4 Stealth
 + Level 4.0 Spellcasting
 - Level 1.1 Transmutations
 + Level 4.0 Earth Magic


You had 5 spell levels left.
You knew the following spells:

 Your Spells              Type           Power        Failure   Level  Hunger
a - Sandblast             Erth           ###...       2%          1    None
b - Stone Arrow           Conj/Erth      ##....       16%         3    ###....
k - Passwall              Tmut/Erth      ###.....     6%          2    #......

Your spell library contained the following spells:

 Spells                   Type           Power        Failure   Level  Hunger
 Petrify                  Tmut/Erth      ###.....     38%         4    ####...
 Lee's Rapid Deconstruct  Erth           ###.......   54%         5    ######.


Dungeon Overview and Level Annotations

Branches:
Dungeon (6/15)             Temple (1/1) D:6

Altars:
Ashenzari
Cheibriados
Dithmenos
Elyvilon
Fedhas
Gozag
Makhleb
Nemelex Xobeh
Okawaru
Qazlal
Ru
Sif Muna
Trog
Uskayaw
Vehumet
Wu Jian
Xom
Zin

Annotations:
D:6 Edmund


Message History

The quokka bites you but does no damage.
The quokka closely misses you.
As you read the scroll of identify, it crumbles to dust.
l - a scroll of immolation The quokka misses you.
As you read the scroll of identify, it crumbles to dust.
p - a scroll of blinking The quokka bites you.
* * * LOW HITPOINT WARNING * * *
Okay, then.
A phantom comes into view.
The orc priest miscasts a cantrip.
The phantom blinks!
Found 22 gold pieces.
The quokka barely misses you. The adder bites you.
* * * LOW HITPOINT WARNING * * *
Found a falchion.
The adder bites you.
You die...

#.#.## #.#.# #. #@.o# #.
#o5## #. oo## .## ..#
..# . ..# #.# ...
o###############.##.....
.o....5..ooWo.rS@.......
.@.o####.5.#####.##.....
?.#..# #.### #.# ^..
..##...o.# #.. .
#..##..### ##)# ##..##.#
.# .##....# .. .......#
.. .##....#


You could see a phantom, an orc wizard, a quasit, an adder, 2 orcs and a quokka.

Vanquished Creatures
  A hound (D:3)
  An adder (D:2)
  A worm (D:2)
  2 dart slugs (D:1)
  A leopard gecko (D:3)
  An orc (D:3)
  A bat zombie (D:1)
  2 giant cockroaches (D:1)
  6 goblins
  3 hobgoblins
  9 bats
  6 frilled lizards
  A giant cockroach zombie (D:1)
  4 kobolds
  12 rats
51 creatures vanquished.

Notes
Turn   | Place    | Note
-------+----------+-------------------------------------------
     0 | D:1      | Johnny the Deep Elf Earth Elementalist began the quest for
                  | the Orb.
     0 | D:1      | Reached XP level 1. HP: 10/10 MP: 6/6
   780 | D:1      | Reached XP level 2. HP: 14/16 MP: 6/8
   820 | D:1      | Reached skill level 1 in Fighting
  1263 | D:1      | Learned a level 2 spell: Passwall
  2208 | D:2      | Reached XP level 3. HP: 19/20 MP: 7/10
  2415 | D:2      | Found a sparkling altar of Nemelex Xobeh.
  2974 | D:3      | Found a hide-covered altar of Uskayaw.
  2994 | D:3      | Reached XP level 4. HP: 23/26 MP: 7/12
  3138 | D:3      | Learned a level 3 spell: Stone Arrow
  3327 | D:3      | You fall into a shaft and drop 3 floors!
  3332 | D:6      | Noticed Edmund
  3347 | D:6      | Found a staircase to the Ecumenical Temple.
  3369 | Temple   | Entered the Ecumenical Temple
  3623 | Temple   | Became a worshipper of Dithmenos the Shadowed
  3718 | D:6      | Noticed a phantom
  3724 | D:6      | HP: 1/26 [adder (3)]
  3727 | D:6      | Slain by an adder

Levels and vault maps discovered:
D:1:      saegor_arrival_fortress, layout_basic, due_unseen_surprise
D:2:      layout_loops_ring, nemelex_spade_bored_becter
D:3:      layout_basic, eat_drink_and_be_merry_uskayaw,
          overflow_temple_1_default, minmay_joined_circles
D:6:      layout_rooms, minmay_temple_entry_waves, minivault_24, uniq_edmund
Temple:   nicolae_temple_elliptical

Skill      XL: |  1  2  3  4 |
---------------+-------------+-----
Fighting       | 1 2 |  2.2
Spellcasting   | 4 |  4.0
Earth Magic    | 4 |  4.0
Dodging        | |  2.4
Stealth        | |  2.4
Transmutations | |  1.1

Action                   |  1- 3 |  4- 6 || total
-------------------------+-------+-------++-------
Melee: Unarmed           |   134 |       ||   134
       Trident           |       |    35 ||    35
 Cast: Sandblast         |    46 |     5 ||    51
       Passwall          |     2 |       ||     2
       Stone Arrow       |       |    10 ||    10
  Use: Scroll            |       |     4 ||     4
       Potion            |       |     3 ||     3
 Stab: Sleeping          |     3 |       ||     3
  Eat: Chunk             |     6 |     1 ||     7
       Ration            |       |     1 ||     1
Armor: Robe              |    50 |    13 ||    63
Dodge: Dodged            |   103 |    62 ||   165
